 Dungeon Crawl Stone Soup version 0.18.1-50-g88ac8fd (webtiles) character file.

81 kengeki the Shooter (level 4, 29/36 HPs)
             Began as a Centaur Hunter on Oct 2, 2016.
             Got out of the dungeon alive.
             The game lasted 00:13:58 (1654 turns).

kengeki the Shooter (Centaur Hunter)                Turns: 1654, Time: 00:13:58

Health: 29/36      AC:  7    Str: 16    XL:     4   Next: 19%
Magic:  4/4        EV:  9    Int: 10    God:
Gold:   81         SH:  0    Dex:  9    Spells: 0 memorised, 3 levels left

rFire  . . .     SeeInvis .     n - +0 trident
rCold  . . .     Gourm    .     o - +3 leather armour
rNeg   . . .     Faith    .     (no shield)
rPois  .         Spirit   .     (no helmet)
rElec  .         Dismiss  .     (no cloak)
rCorr  .         Reflect  .     (no gloves)
SustAt .         Harm     .     (no barding)
MR     .....                    (no amulet)
Stlth  +.........               (no ring)
                                (no ring)

@: very quick, not resistant to hostile enchantments, very unstealthy
A: hooves 3, deformed body, speed 2, tough skin 3
a: no special abilities


You escaped.
You were not hungry.

You visited 1 branch of the dungeon, and saw 3 of its levels.

You collected 81 gold pieces.

Inventory:

Hand Weapons
 a - a +1 shortbow
 b - a +0 short sword
 e - a +2 dagger of venom
 n - a +0 trident (weapon)
Missiles
 d - 47 arrows
Armour
 c - a +0 leather armour
 o - a +3 leather armour (worn)
Wands
 k - a wand of hasting (5/9)
Scrolls
 g - a scroll of teleportation
 j - 3 scrolls of identify
 l - a scroll of remove curse
Potions
 h - a potion of flight
 i - 2 potions of curing
Comestibles
 f - 2 bread rations
 m - a chunk of flesh


   Skills:
 - Level 2.0 Fighting
 + Level 7.4 Bows
 - Level 1.3 Dodging
 - Level 1.0 Stealth


You had 3 spell levels left.
You didn't know any spells.

Dungeon Overview and Level Annotations

Branches:
Dungeon (3/15)

Altars:


Innate Abilities, Weirdness & Mutations

You have hooves in place of feet.
Armour fits poorly on your strangely shaped body.
You cover ground very quickly.
You have extremely tough skin (AC +3).


Message History

Saving game... please wait.
Welcome back, kengeki the Centaur Hunter.
Press ? for a list of commands and other information.
No item to drop.
(D) Dungeon
Where to? (? - help)
What level of the Dungeon? (default 1, ? - help)
You see here a scale mail.
Things that are here:
a robe; a dagger
There is a stone staircase leading up here.
You climb upwards.
There is a stone staircase leading down here.
You see here a dagger.
There is a stone staircase leading up here.
You climb upwards.
There is a stone staircase leading down here.
There is a staircase leading out of the dungeon here.
Are you sure you want to leave the Dungeon?
This will make you lose the game!
You have escaped!

#.#.####.#.# #.#.........
#>######...# #####
######.#######..# #...#
#..............>. #...#
############.####
#...#####P#P#P#P#P#.#
#...'.#.............#
#...#.#@............# #
##'##.#.............# #
###########.##.###P#P#P#P#P####
#
#.......[...################..#
#
#.#######[.................#..#
# #.# ###.########...#...#..###
#.# #.# ####...##........
#.#########.# #........).######
#...........# #.##.#.###.#


There were no monsters in sight!

Vanquished Creatures
  An orc wizard (D:3)
  An adder (D:2)
  An ooze (D:1)
  A dart slug (D:1)
  A giant gecko (D:1)
  3 orcs (D:3)
  A giant cockroach (D:1)
  4 goblins
  3 hobgoblins
  A jackal (D:1)
  2 ball pythons
  3 bats (D:1)
  5 kobolds
  6 rats
33 creatures vanquished.

Notes
Turn   | Place    | Note
--------------------------------------------------------------
     0 | D:1      | kengeki the Centaur Hunter began the quest for the Orb.
     0 | D:1      | Reached XP level 1. HP: 17/17 MP: 1/1
   230 | D:1      | Reached XP level 2. HP: 24/24 MP: 2/2
   283 | D:1      | Reached skill level 6 in Bows
   998 | D:2      | Reached XP level 3. HP: 29/29 MP: 3/3
  1485 | D:2      | Reached skill level 1 in Stealth
  1578 | D:3      | Reached skill level 7 in Bows
  1578 | D:3      | Reached XP level 4. HP: 22/36 MP: 4/4
  1654 | D:$      | Got out of the dungeon alive.

Skill      XL: |  1  2  3 |
---------------+----------+-----
Bows           | 6 7 |  7.4
Stealth        | 1 |  1.0
Fighting       | |  2.0
Dodging        | |  1.3

Action                   |  1- 3 |  4- 6 || total
-------------------------+-------+-------++-------
Melee: Dagger            |     1 |       ||     1
 Fire: Shortbow          |    90 |       ||    90
  Use: Scroll            |     7 |       ||     7
       Potion            |     3 |       ||     3
  Eat: Chunk             |     1 |       ||     1
Dodge: Dodged            |     4 |       ||     4
